TOP OF THE 1ST |
Philadephia 1776 BC batting - Pitching for Toledo Titans : RHP Lou Meadows
|
Pitching: RHP Lou Meadows
|
|
Batting: LHB Manuel García
|
0-0: Ball 1-0: Foul Ball, location: 2F 1-1: Ball 2-1: Foul Ball, location: 2F 2-2: Ball 3-2: Foul Ball, location: 2F 3-2: Ground out 4-3 (Groundball, 4S)
|
Batting: RHB Iván Pérez
|
0-0: Ball 1-0: Ball 2-0: Called Strike 2-1: Ball 3-1: Base on Balls
|
Batting: LHB Chris Nelson
|
0-0: Foul Ball, location: 2F 0-1: Ball 1-1: Called Strike 1-2: Strikes out looking
|
Batting: RHB Brian O'Brian
|
0-0: DOUBLE (Line Drive, 56D) Iván Pérez to third Runner from 3rd tries for Home, SAFE, throw made home
|
Batting: LHB Matt Mitchell
|
0-0: Ball 1-0: Ball 2-0: Swinging Strike 2-1: Ball 3-1: Called Strike 3-2: Foul Ball, location: 2F 3-2: Strikes out swinging
|
Top of the 1st over - 1 run(s), 1 hit(s), 0 error(s), 1 left on base; Philadephia 1776 1 - Toledo 0 |
BOTTOM OF THE 1ST |
Toledo Titans batting - Pitching for Philadephia 1776 BC : RHP Felipe Velázquez
|
Pitching: RHP Felipe Velázquez
|
|
Batting: RHB Brad Brown
|
0-0: Called Strike 0-1: Fly out, F8 (Flyball, 89S)
|
Batting: RHB Sherman Davis
|
0-0: Ball 1-0: Called Strike 1-1: Ball 2-1: Ground out 6-3 (Groundball, 6)
|
Batting: LHB Michael Neely
|
0-0: SINGLE (Line Drive, 34D)
|
Batting: RHB Enrique Pérez
|
0-0: Called Strike 0-1: Fly out, F9 (Flyball, 9S)
|
Bottom of the 1st over - 0 run(s), 1 hit(s), 0 error(s), 1 left on base; Philadephia 1776 1 - Toledo 0 |
TOP OF THE 2ND |
Philadephia 1776 BC batting - Pitching for Toledo Titans : RHP Lou Meadows
|
Batting: RHB Carl Good
|
0-0: Ball 1-0: SINGLE (Line Drive, 56D)
|
Batting: RHB Lúcio Montoya
|
0-0: Ball 1-0: Ball 2-0: Ball 3-0: Foul Ball, location: 2F 3-1: Foul Ball, location: 2F 3-2: Foul Ball, location: 2F 3-2: Fly out, F3 (Popup, 3D)
|
Batting: RHB Soseki Matsunaga
|
0-0: SINGLE (Flyball, 8RS) Carl Good to second
|
Batting: RHB Felipe Velázquez
|
0-0: Called Strike 0-1: Called Strike 0-2: Ball 1-2: Sac Bunt - play at third, runner OUT! 5-6 Soseki Matsunaga to second
|
Batting: LHB Manuel García
|
0-0: Called Strike 0-1: Ball 1-1: Called Strike 1-2: Foul Ball, location: 2F 1-2: Strikes out swinging
|
Top of the 2nd over - 0 run(s), 2 hit(s), 0 error(s), 2 left on base; Philadephia 1776 1 - Toledo 0 |
BOTTOM OF THE 2ND |
Toledo Titans batting - Pitching for Philadephia 1776 BC : RHP Felipe Velázquez
|
Batting: LHB Herman Hayes
|
0-0: Ball 1-0: DOUBLE (Line Drive, 78D)
|
Batting: LHB David Martínez
|
0-0: Foul Ball, location: 2F 0-1: Foul Ball, location: 2F 0-2: SINGLE (Groundball, 3D) Herman Hayes to third
|
Batting: LHB Nathan Santos
|
0-0: Ball 1-0: Foul Ball, location: 2F 1-1: Ball 2-1: Ball 3-1: Swinging Strike 3-2: Fly out, F6 (Popup, 56D)
|
Batting: LHB Salvador Vidal
|
0-0: Called Strike 0-1: Ground out 4-3 (Groundball, 4D) Herman Hayes scores David Martínez to second
|
Batting: RHB Lou Meadows
|
0-0: Foul Ball, location: 2F 0-1: Ground out 6-3 (Groundball, 6)
|
Bottom of the 2nd over - 1 run(s), 2 hit(s), 0 error(s), 1 left on base; Philadephia 1776 1 - Toledo 1 |
TOP OF THE 3RD |
Philadephia 1776 BC batting - Pitching for Toledo Titans : RHP Lou Meadows
|
Batting: RHB Iván Pérez
|
0-0: Called Strike 0-1: Ball 1-1: Ball 2-1: Ball 3-1: Base on Balls
|
Batting: LHB Chris Nelson
|
0-0: Foul Ball, location: 2F 0-1: Foul Ball, location: 2F 0-2: Fly out, F6 (Popup, 6D)
|
Batting: RHB Brian O'Brian
|
0-0: Ball 1-0: Called Strike 1-1: Foul Ball, location: 2F 1-2: Ball 2-2: DOUBLE (Groundball, 5L) Iván Pérez to third
|
Batting: LHB Matt Mitchell
|
0-0: Ball 1-0: Called Strike 1-1: SINGLE (Groundball, 6MD) Iván Pérez scores Brian O'Brian to third Runner from 3rd tries for Home, SAFE, no throw or cutoff
|
Batting: RHB Carl Good
|
0-0: Ball 1-0: Fly out, F9 (Flyball, 89M)
|
Batting: RHB Lúcio Montoya
|
0-0: Foul Ball, location: 2F 0-1: Ball 1-1: Ball 2-1: Foul Ball, location: 2F 2-2: Ball 3-2: Ground out 4-3 (Groundball, 4)
|
Top of the 3rd over - 2 run(s), 2 hit(s), 0 error(s), 1 left on base; Philadephia 1776 3 - Toledo 1 |
BOTTOM OF THE 3RD |
Toledo Titans batting - Pitching for Philadephia 1776 BC : RHP Felipe Velázquez
|
Batting: RHB Brad Brown
|
0-0: Called Strike 0-1: Ground out 1-3 (Groundball, 15)
|
Batting: RHB Sherman Davis
|
0-0: Ball 1-0: Foul Ball, location: 2F 1-1: Ball 2-1: Foul Ball, location: 2F 2-2: Hit by Pitch
|
Batting: LHB Michael Neely
|
0-0: Called Strike 0-1: Ball 1-1: Swinging Strike 1-2: Foul Ball, location: 2F 1-2: Foul Ball, location: 2F 1-2: Fielders Choice at 2nd, 4-6 (Groundball, 4)
|
Batting: RHB Enrique Pérez
|
0-0: Called Strike 0-1: Ball 1-1: Ball 2-1: Swinging Strike 2-2: 2-RUN HOME RUN (Flyball, 7D), Distance : 451 ft
|
Batting: LHB Herman Hayes
|
0-0: Called Strike 0-1: Swinging Strike 0-2: Foul Ball, location: 2F 0-2: Ground out U3 (Groundball, 3)
|
Bottom of the 3rd over - 2 run(s), 1 hit(s), 0 error(s), 0 left on base; Philadephia 1776 3 - Toledo 3 |
TOP OF THE 4TH |
Philadephia 1776 BC batting - Pitching for Toledo Titans : RHP Lou Meadows
|
Batting: RHB Soseki Matsunaga
|
0-0: Ball 1-0: Ball 2-0: Called Strike 2-1: Foul Ball, location: 2F 2-2: SINGLE (Line Drive, 4)
|
Batting: RHB Felipe Velázquez
|
0-0: Sac Bunt - play at first, batter OUT! 2-4 Soseki Matsunaga to second
|
Batting: LHB Manuel García
|
0-0: Ball 1-0: Ball 2-0: Fly out, F8 (Flyball, 8RS)
|
Batting: RHB Iván Pérez
|
0-0: Called Strike 0-1: Ground out 4-3 (Groundball, 4)
|
Top of the 4th over - 0 run(s), 1 hit(s), 0 error(s), 1 left on base; Philadephia 1776 3 - Toledo 3 |
BOTTOM OF THE 4TH |
Toledo Titans batting - Pitching for Philadephia 1776 BC : RHP Felipe Velázquez
|
Batting: LHB David Martínez
|
0-0: Fly out, F6 (Line Drive, 6)
|
Batting: LHB Nathan Santos
|
0-0: Called Strike 0-1: Called Strike 0-2: Ball 1-2: Ball 2-2: Ground out 4-3 (Groundball, 4M)
|
Batting: LHB Salvador Vidal
|
0-0: Ball 1-0: Ball 2-0: Swinging Strike 2-1: Foul Ball, location: 2F 2-2: Foul Ball, location: 2F 2-2: Foul Ball, location: 2F 2-2: SINGLE (Groundball, 4MD)
|
Batting: RHB Lou Meadows
|
0-0: Ball 1-0: Ball 2-0: Ball 3-0: Called Strike 3-1: Called Strike 3-2: Foul Ball, location: 2F 3-2: Foul Ball, location: 2F 3-2: Base on Balls Salvador Vidal to second
|
Batting: RHB Brad Brown
|
0-0: Called Strike 0-1: Ball 1-1: 3-RUN HOME RUN (Flyball, 7LD), Distance : 347 ft
|
Batting: RHB Sherman Davis
|
0-0: Foul Ball, location: 2F 0-1: Swinging Strike 0-2: Ball 1-2: SINGLE (Line Drive, 34D)
|
Pitching: LHP Jason Dudley
|
|
Batting: LHB Michael Neely
|
0-0: Ball 1-0: Called Strike 1-1: Ground out 4-3 (Groundball, 4)
|
Bottom of the 4th over - 3 run(s), 3 hit(s), 0 error(s), 1 left on base; Philadephia 1776 3 - Toledo 6 |
TOP OF THE 5TH |
Philadephia 1776 BC batting - Pitching for Toledo Titans : RHP Lou Meadows
|
Batting: LHB Chris Nelson
|
0-0: Swinging Strike 0-1: Foul Ball, location: 2F 0-2: Foul Ball, location: 2F 0-2: Strikes out looking
|
Batting: RHB Brian O'Brian
|
0-0: Called Strike 0-1: Ball 1-1: Swinging Strike 1-2: Foul Ball, location: 2F 1-2: Strikes out looking
|
Batting: LHB Matt Mitchell
|
0-0: Swinging Strike 0-1: Ball 1-1: SOLO HOME RUN (Flyball, 78XD), Distance : 436 ft
|
Batting: RHB Carl Good
|
0-0: Reached on error, E1 (Groundball, 13)
|
Batting: RHB Lúcio Montoya
|
0-0: Ball 1-0: Called Strike 1-1: Ball 2-1: Ball 3-1: Foul Ball, location: 2F 3-2: Foul Ball, location: 2F 3-2: Foul Ball, location: 2F 3-2: SINGLE (Line Drive, 7LM) Carl Good to third Carl Good scores
|
Batting: RHB Soseki Matsunaga
|
0-0: Ball Lúcio Montoya steals 2nd base 1-0: Ball 2-0: Called Strike 2-1: Called Strike 2-2: Strikes out swinging
|
Top of the 5th over - 2 run(s), 2 hit(s), 1 error(s), 1 left on base; Philadephia 1776 5 - Toledo 6 |
BOTTOM OF THE 5TH |
Toledo Titans batting - Pitching for Philadephia 1776 BC : LHP Jason Dudley
|
Batting: RHB Enrique Pérez
|
0-0: SOLO HOME RUN (Flyball, 78XD), Distance : 438 ft
|
Batting: LHB Herman Hayes
|
0-0: Foul Ball, location: 2F 0-1: Ball 1-1: Swinging Strike 1-2: Ball 2-2: Foul Ball, location: 2F 2-2: Strikes out looking
|
Batting: LHB David Martínez
|
0-0: Ball 1-0: Foul Ball, location: 2F 1-1: Foul Ball, location: 2F 1-2: Ball 2-2: Foul Ball, location: 2F 2-2: SINGLE (Line Drive, 34)
|
Batting: LHB Nathan Santos
|
0-0: Ball 1-0: Ball 2-0: Ball Wild Pitch! David Martínez to second 3-0: Called Strike 3-1: Called Strike 3-2: Base on Balls
|
Batting: LHB Salvador Vidal
|
0-0: Ball 1-0: Grounds into double play, 4-6-3 (Groundball, 4)
|
Bottom of the 5th over - 1 run(s), 2 hit(s), 0 error(s), 1 left on base; Philadephia 1776 5 - Toledo 7 |
TOP OF THE 6TH |
Philadephia 1776 BC batting - Pitching for Toledo Titans : RHP Lou Meadows
|
Pinch Hitting: LHB Sébastien Rolland
|
0-0: Called Strike 0-1: Swinging Strike 0-2: Foul Ball, location: 2F 0-2: Strikes out swinging
|
Batting: LHB Manuel García
|
0-0: Ball 1-0: DOUBLE (Line Drive, 7LM)
|
Pitching: RHP António Lucero
|
|
Now at SS: Melvin Baldwin
|
|
Batting: RHB Iván Pérez
|
0-0: Called Strike 0-1: Ball 1-1: Ground out 5-3 (Groundball, 56)
|
Batting: LHB Chris Nelson
|
0-0: Foul Ball, location: 2F 0-1: Swinging Strike 0-2: Strikes out looking
|
Top of the 6th over - 0 run(s), 1 hit(s), 0 error(s), 1 left on base; Philadephia 1776 5 - Toledo 7 |
BOTTOM OF THE 6TH |
Toledo Titans batting - Pitching for Philadephia 1776 BC : LHP Jason Dudley
|
Pitching: RHP Alberto Ortíz
|
|
Batting: RHB Melvin Baldwin
|
0-0: Ball 1-0: Ground out 6-3 (Groundball, 6)
|
Batting: RHB Brad Brown
|
0-0: Ball 1-0: Ball 2-0: Ball 3-0: Called Strike 3-1: SINGLE (Flyball, 8LS)
|
Batting: RHB Sherman Davis
|
0-0: Called Strike 0-1: Fielders Choice at 2nd, 1-6 (Groundball, 15S)
|
Batting: LHB Michael Neely
|
0-0: Called Strike 0-1: Ball 1-1: 2-RUN HOME RUN (Flyball, 9D), Distance : 388 ft
|
Batting: RHB Enrique Pérez
|
0-0: Ball 1-0: Swinging Strike 1-1: Foul Ball, location: 2F 1-2: Ball 2-2: Ball 3-2: Base on Balls
|
Batting: LHB Herman Hayes
|
0-0: Ball 1-0: 2-RUN HOME RUN (Flyball, 9D), Distance : 386 ft
|
Pitching: RHP Paul Clark
|
|
Pinch Hitting: RHB Miguel García
|
0-0: Ground out 6-3 (Groundball, 6M)
|
Bottom of the 6th over - 4 run(s), 3 hit(s), 0 error(s), 0 left on base; Philadephia 1776 5 - Toledo 11 |
TOP OF THE 7TH |
Philadephia 1776 BC batting - Pitching for Toledo Titans : RHP António Lucero
|
Pitching: RHP Cisco Cruz
|
|
Batting: RHB Brian O'Brian
|
0-0: Ground out 6-3 (Groundball, 6M)
|
Batting: LHB Matt Mitchell
|
0-0: Ground out U3 (Groundball, 3S)
|
Batting: RHB Carl Good
|
0-0: Swinging Strike 0-1: Foul Ball, location: 2F 0-2: Ball 1-2: Ball 2-2: Ground out 5-3 (Groundball, 5S)
|
Top of the 7th over - 0 run(s), 0 hit(s), 0 error(s), 0 left on base; Philadephia 1776 5 - Toledo 11 |
BOTTOM OF THE 7TH |
Toledo Titans batting - Pitching for Philadephia 1776 BC : RHP Paul Clark
|
Batting: LHB Nathan Santos
|
0-0: Called Strike 0-1: Swinging Strike 0-2: Fly out, F7 (Flyball, 78M)
|
Batting: LHB Salvador Vidal
|
0-0: Ball 1-0: Ball 2-0: SINGLE (Groundball, 34D)
|
Batting: RHB Melvin Baldwin
|
0-0: Ball Wild Pitch! Salvador Vidal to second 1-0: DOUBLE (Groundball, 5L) Salvador Vidal scores
|
Batting: RHB Brad Brown
|
0-0: Ball 1-0: Ball 2-0: Called Strike 2-1: Foul Ball, location: 2F 2-2: Foul Ball, location: 2F 2-2: Foul Ball, location: 2F 2-2: Ball 3-2: Foul Ball, location: 2F 3-2: Ground out 6-3 (Groundball, 6)
|
Batting: RHB Sherman Davis
|
0-0: Called Strike 0-1: Ground out 5-3 (Groundball, 56)
|
Bottom of the 7th over - 1 run(s), 2 hit(s), 0 error(s), 1 left on base; Philadephia 1776 5 - Toledo 12 |
TOP OF THE 8TH |
Philadephia 1776 BC batting - Pitching for Toledo Titans : RHP Cisco Cruz
|
Batting: RHB Lúcio Montoya
|
0-0: Foul Ball, location: 2F 0-1: Swinging Strike 0-2: SINGLE (Groundball, 4MD)
|
Batting: RHB Soseki Matsunaga
|
0-0: Swinging Strike 0-1: Called Strike 0-2: Ball 1-2: Ball 2-2: Strikes out swinging
|
Pinch Hitting: LHB John Boone
|
0-0: Ball 1-0: Ball 2-0: Called Strike 2-1: Foul Ball, location: 2F 2-2: Ball 3-2: Base on Balls Lúcio Montoya to second
|
Batting: LHB Manuel García
|
0-0: Called Strike 0-1: Foul Ball, location: 2F 0-2: Grounds into double play, 1-4-3 (Groundball, 13S)
|
Top of the 8th over - 0 run(s), 1 hit(s), 0 error(s), 1 left on base; Philadephia 1776 5 - Toledo 12 |
BOTTOM OF THE 8TH |
Toledo Titans batting - Pitching for Philadephia 1776 BC : RHP Paul Clark
|
Pitching: LHP Michael Campbell
|
|
Batting: LHB Michael Neely
|
0-0: Called Strike 0-1: SINGLE (Line Drive, 9S)
|
Batting: RHB Enrique Pérez
|
0-0: Ball 1-0: Foul Ball, location: 2F 1-1: DOUBLE (Flyball, 78XD) Michael Neely to third
|
Batting: LHB Herman Hayes
|
0-0: Ground out 4-3 (Groundball, 34) Michael Neely scores Enrique Pérez to third
|
Pinch Hitting: RHB Steve Ferguson
|
0-0: Foul Ball, location: 2F 0-1: Foul Ball, location: 2F 0-2: Strikes out swinging
|
Batting: LHB Nathan Santos
|
0-0: Ground out 1-3 (Groundball, 23)
|
Bottom of the 8th over - 1 run(s), 2 hit(s), 0 error(s), 1 left on base; Philadephia 1776 5 - Toledo 13 |
TOP OF THE 9TH |
Philadephia 1776 BC batting - Pitching for Toledo Titans : RHP Cisco Cruz
|
Pitching: RHP Adrián Ramos
|
|
Batting: RHB Iván Pérez
|
0-0: Called Strike 0-1: Called Strike 0-2: Strikes out swinging
|
Batting: LHB Chris Nelson
|
0-0: Ball 1-0: Foul Ball, location: 2F 1-1: Ball 2-1: SINGLE (Flyball, 78S) - OUT at second base trying to stretch hit.
|
Batting: RHB Brian O'Brian
|
0-0: Ball 1-0: Swinging Strike 1-1: Ball 2-1: Ball 3-1: Called Strike 3-2: Strikes out swinging
|
Top of the 9th over - 0 run(s), 1 hit(s), 0 error(s), 0 left on base; Philadephia 1776 5 - Toledo 13 |
|